 Dungeon Crawl Stone Soup version 0.22-a0-455-ga0624bf (webtiles) character file.

821 pk666 the Magician (level 7, -10/36 HPs)
             Began as a Deep Elf Fire Elementalist on June 5, 2018.
             Killed from afar by pk666's ghost (23 damage)
             ... with a flame tongue
             ... on level 5 of the Dungeon.
             The game lasted 00:12:30 (4700 turns).

pk666 the Magician (Deep Elf Fire Elementalist)     Turns: 4700, Time: 00:12:31

Health: -10/36     AC:  4    Str:  8    XL:     7   Next: 63%
Magic:  18/28      EV: 13    Int: 22    God:
Gold:   293        SH:  0    Dex: 15    Spells: 11/19 levels left

rFire    . . .     SeeInvis .   (no weapon)
rCold    . . .     Gourm    .   (no shield)
rNeg     . . .     Faith    .   a - +0 robe
rPois    .         Spirit   .   (no helmet)
rElec    .         Reflect  .   q - +0 cloak
rCorr    .         Harm     .   (no gloves)
MR       .....                  k - +0 pair of boots
Stlth    ++........             (no amulet)
HPRegen  0.12/turn              b - +3 ring of strength
MPRegen  0.21/turn              o - ring of magical power

@: very slightly contaminated
A: no striking features
a: no special abilities


You were on level 5 of the Dungeon.
You were not hungry.

You visited 1 branch of the dungeon, and saw 5 of its levels.

You collected 293 gold pieces.

Inventory:

Armour
 a - a +0 robe (worn)
 k - a +0 pair of boots (worn)
 q - a +0 cloak (worn)
Jewellery
 b - a +3 ring of strength (left hand)
 d - an uncursed ring of ice
 i - an uncursed ring of flight
 o - a ring of magical power (right hand)
Wands
 w - a wand of polymorph (12)
 y - a wand of flame (16)
 B - a wand of disintegration (16)
Scrolls
 e - 3 scrolls of identify {unknown}
 g - a scroll of fog {unknown}
 j - 4 scrolls of teleportation {unknown}
 l - 2 scrolls of enchant armour {unknown}
 m - a scroll of immolation {unknown}
 p - a scroll of blinking {unknown}
 s - a scroll of random uselessness {unknown}
 t - a scroll of amnesia {unknown}
 x - a scroll of fear {unknown}
 z - a scroll of remove curse {unknown}
 A - a scroll of magic mapping {unknown}
Potions
 f - 5 potions of heal wounds {unknown}
 h - 4 potions of curing {unknown}
 n - a potion of might {unknown}
 u - a potion of magic {unknown}
 v - 2 potions of resistance {unknown}
 C - a potion of mutation {unknown}
 D - a potion of degeneration {unknown}
Comestibles
 c - 11 rations
 r - 2 chunks of flesh


   Skills:
 - Level 2.4 Dodging
 - Level 2.4 Stealth
 + Level 6.7 Spellcasting
 + Level 6.2 Conjurations
 + Level 6.0 Fire Magic


You had 11 spell levels left.
You knew the following spells:

 Your Spells              Type           Power        Failure   Level  Hunger
a - Flame Tongue          Conj/Fire      ####.        1%          1    None
b - Sticky Flame          Conj/Fire      ####....     7%          4    ###....
c - Conjure Flame         Conj/Fire      ####....     1%          3    #......

Your spell library contained the following spells:

 Spells                   Type           Power        Failure   Level  Hunger
 Fireball                 Conj/Fire      ####......   19%         5    #####..
 Throw Flame              Conj/Fire      ####..       1%          2    None
 Inner Flame              Hex/Fire       ###.....     8%          3    #......


Dungeon Overview and Level Annotations

Branches:
Dungeon (5/15)
 Temple: D:4-7

Altars:
Dithmenos
Hepliaklqana
Makhleb
Xom
Yredelemnul

Shops:
D:4 }

Annotations:
D:5 pk666's ghost, novice DEFE


Message History

The flame tongue hits pk666's ghost.
Pk666's ghost is heavily damaged.
Casting: Flame Tongue (safe; 1% risk of failure)
Confirm with . or Enter, or press ? or * to list all spells.
Aiming: Flame Tongue (safe; 1% risk of failure)
Press: ? - help, Shift-Dir - straight line, f/p - pk666's ghost
Aim: pk666's ghost (heavily damaged)
The flame tongue hits pk666's ghost.
Pk666's ghost is heavily damaged.
Casting: Flame Tongue (safe; 1% risk of failure)
Confirm with . or Enter, or press ? or * to list all spells.
Aiming: Flame Tongue (safe; 1% risk of failure)
Press: ? - help, Shift-Dir - straight line, f/p - pk666's ghost
Aim: pk666's ghost (heavily damaged)
The flame tongue hits pk666's ghost.
Pk666's ghost is severely damaged.
Pk666's ghost gestures at you while chanting.
The flame tongue hits you!
Ouch! That really hurt!
You die...

#......# #....... #......#
#....... #....<.# #.......
#######......#####.......
#...#.##...........######
#..#...#...........+.....
#..+...#>..........#.....
#..#...#...........#.....
#..###'#@..........######
########.#ยง####.####..#.###
.....W....W##.....##..#....
...........#.......#..#....
#..........#.......#..#..##
#.........).(.._.(....#..##
'.........)#.......#..'..#.
#..##.####.#.......#..#..#.
### #' #.##.....##..#..#.


You could see pk666's ghost.

Vanquished Creatures
  The ghost of Galewind the Magician, an amateur DEIE (D:4)
  The ghost of pk666 the Magician, an amateur DEFE (D:3)
  An ogre (D:4)
  A phantom (D:4)
  Blork the orc (D:4)
  An orc priest (D:5)
  Ijyb (D:5)
  3 worker ants (D:4)
  A gnoll (D:1)
  4 adders
  An ooze (D:3)
  3 worms (D:2)
  3 dart slugs
  5 leopard geckos
  9 orcs
  5 bats
  4 giant cockroaches
  5 goblins (D:1)
  10 hobgoblins
  5 jackals (D:4)
  2 frilled lizards
  A jackal zombie (D:5)
  6 kobolds
  A quokka skeleton (D:4)
  A quokka zombie (D:5)
  7 rats
83 creatures vanquished.

Notes
Turn   | Place    | Note
-------+----------+-------------------------------------------
     0 | D:1      | pk666 the Deep Elf Fire Elementalist began the quest for the Orb.
     0 | D:1      | Reached XP level 1. HP: 10/10 MP: 6/6
   174 | D:1      | Reached XP level 2. HP: 15/15 MP: 2/8
   529 | D:1      | Reached XP level 3. HP: 19/19 MP: 5/10
  1208 | D:2      | Reached XP level 4. HP: 24/24 MP: 11/11
  1241 | D:2      | Learned a level 4 spell: Sticky Flame
  1257 | D:2      | Learned a level 3 spell: Conjure Flame
  1550 | D:2      | Found a shimmering altar of Xom.
  1551 | D:2      | Found a shimmering altar of Xom.
  1552 | D:2      | Found a shimmering altar of Xom.
  1553 | D:2      | Found a shimmering altar of Xom.
  1612 | D:3      | Noticed pk666's ghost (amateur DEFE)
  1630 | D:3      | Killed pk666's ghost
  1630 | D:3      | Reached XP level 5. HP: 15/28 MP: 12/14
  1909 | D:3      | Found a faded altar of an unknown god.
  2120 | D:3      | Found a shadowy altar of Dithmenos.
  2516 | D:4      | Reached XP level 6. HP: 21/32 MP: 14/15
  2517 | D:4      | Reached skill level 5 in Spellcasting
  2687 | D:4      | Found a burning altar of Makhleb.
  2687 | D:4      | Noticed Blork the orc
  2994 | D:4      | Reached skill level 5 in Conjurations
  3016 | D:4      | Killed Blork the orc
  3123 | D:4      | Reached skill level 5 in Fire Magic
  3419 | D:4      | Found Kaqyom's Gadget Shop.
  3515 | D:4      | Reached XP level 7. HP: 36/36 MP: 16/18
  3684 | D:4      | Noticed Galewind's ghost (amateur DEIE)
  3694 | D:4      | Killed Galewind's ghost
  3815 | D:4      | Found a hazy altar of Hepliaklqana.
  4112 | D:5      | Entered Level 5 of the Dungeon
  4238 | D:5      | Found a basalt altar of Yredelemnul.
  4482 | D:5      | Noticed Ijyb
  4524 | D:5      | Killed Ijyb
  4682 | D:5      | Noticed pk666's ghost (novice DEFE)
  4700 | D:5      | Killed from afar by pk666's ghost

Vault maps used:
D:1:      enne_arrival_octagon_isle, minmay_heptomino_o4
D:2:      xom_redecorated
D:3:      lemuel_coloured_pillars_altar, chequers_ecumenical_altar_simple,
          first_ration
D:4:      lemuel_crystal_altar, bloody_makhleb, serial_shops,
          nicolae_shop_waterfront, grunt_decor_arrowhead, uniq_blork_the_orc
D:5:      old_standard_altar, kennysheep_mini_moat, old_standard_altar,
          old_standard_altar, uniq_ijyb

Skill      XL: |  1  2  3  4  5  6  7 |
---------------+----------------------+-----
Conjurations   | 2 3 4 5 6 |  6.2
Spellcasting   | 4 6 |  6.7
Fire Magic     | 4 5 6 |  6.0
Dodging        | |  2.4
Stealth        | |  2.4

Action                   |  1- 3 |  4- 6 |  7- 9 || total
-------------------------+-------+-------+-------++-------
 Cast: Flame Tongue      |    66 |    90 |    50 ||   206
       Conjure Flame     |       |     4 |     4 ||     8
       Sticky Flame      |       |       |     2 ||     2
  Eat: Chunk             |     1 |     6 |     5 ||    12
Armor: Robe              |     1 |     4 |     1 ||     6
Dodge: Dodged            |    16 |    26 |     5 ||    47

Table legend:
 A = Spawn XP
 B = Non-spawn XP
 C = Spawn XP percentage of total XP
 D = Spawn monster count
 E = Non-spawn monster count
 F = Spawn count percentage of total count
 G = Total turns spent on level
                    A         B        C        D         E        F      G
               +---------+---------+-------+---------+---------+-------+---------
         Total |       0 |    1173 |   0.0 |       0 |      83 |   0.0 |  4700
               +---------+---------+-------+---------+---------+-------+---------
           D:1 |       0 |      60 |   0.0 |       0 |      24 |   0.0 |   928
           D:2 |       0 |      44 |   0.0 |       0 |      12 |   0.0 |   683
           D:3 |       0 |     267 |   0.0 |       0 |      18 |   0.0 |  1131
           D:4 |       0 |     686 |   0.0 |       0 |      16 |   0.0 |  1370
           D:5 |       0 |     116 |   0.0 |       0 |      13 |   0.0 |   588
               +---------+---------+-------+---------+---------+-------+---------
